 Dungeon Crawl Stone Soup version 0.26.1-11-gd32895ea62 (webtiles) character file.

Game seed: 12368294003385945810

560681 dtburroughs the Slayer (level 25, -4/199 (213) HPs)
             Began as a Minotaur Berserker on July 21, 2021.
             Was a High Priest of Trog.
             Hit by a large rock thrown by a stone giant (14 damage)
             ... on level 5 of the Vaults on July 22, 2021.
             The game lasted 04:07:22 (87894 turns).

dtburroughs the Slayer (Minotaur Berserker)        Turns: 87894, Time: 04:07:22

HP:   -4/199 (213)  AC: 35    Str: 23 (24) XL:     25   Next: 33%
MP:   7/7           EV: 20    Int: 10      God:    Trog [*****.]
Gold: 6839          SH: 19    Dex: 17      Spells: 24/24 levels left

rFire    + + +     SeeInvis +   R - +9 broad axe (antimagic)
rCold    + + .     Faith    +   q - +2 shield of Resistance {rF++ rC++ Will++}
rNeg     . . .     Spirit   .   Z - +8 plate armour {rF+}
rPois    +         Reflect  .   W - +1 hat of the Moon {rElec rC- Int+2}
rElec    +         Harm     .   C - scarf {rC+ rF+}
rCorr    +         Rampage  .   V - +2 pair of gloves {Dex+3}
Will     +++++                  y - +1 pair of boots {Fly}
Stlth    ..........             s - amulet of faith
HPRegen  1.43/turn              J - ring of the Meadowlark {rPois Slay+2 SInv}
MPRegen  0.10/turn              U - ring of resist corrosion

@: about to teleport, flying, regenerating, hasted, drained, very quick
A: retaliatory headbutt, horns 2, deterioration 1, frail 1, weak 1
}: 3/15 runes: decaying, serpentine, abyssal
a: Stop Flying, Renounce Religion, Berserk, Trog's Hand, Brothers in Arms


You were on level 5 of the Vaults.
You worshipped Trog.
Trog was extremely pleased with you.
You visited 8 branches of the dungeon, and saw 44 of its levels.
You visited the Abyss 1 time.
You visited 1 ziggurat, and saw 5 of its levels.
You also visited: Ossuary, Ice Cave and Volcano.

You collected 9285 gold pieces.
You spent 2446 gold pieces at shops.

Inventory:

Hand Weapons
 G - a +9 vorpal broad axe
 R - a +9 antimagic broad axe (weapon)
Armour
 q - the +2 shield of Resistance (worn) {rF++ rC++ Will++}
   (You acquired it on level 1 of the Lair of Beasts)

   It greatly protects you from fire.
   It greatly protects you from cold.
   It affects your willpower, your defense against some magical effects.
 y - a +1 pair of boots of flying (worn)
 C - a scarf of resistance (worn)
 K - a +4 kite shield of reflection
 V - a +2 pair of gloves of dexterity (worn)
 W - the +1 hat of the Moon (worn) {rElec rC- Int+2}
   (You found it on level 13 of the Dungeon)

   It affects your intelligence (+2).
   It makes you vulnerable to cold.
   It insulates you from electricity.
 Z - a +8 plate armour of fire resistance (worn)
Jewellery
 c - an uncursed ring of willpower
 s - an amulet of faith (around neck)
 J - the ring of the Meadowlark (left hand) {rPois Slay+2 SInv}
   (You took it off a deep elf elementalist on level 3 of the Elven Halls)

   [ring of see invisible]

   It affects your accuracy and damage with ranged weapons and melee attacks
   (+2).
   It protects you from poison.
   It lets you see invisible.
 U - a ring of resist corrosion (right hand)
Wands
 l - a wand of iceblast (50)
 p - a wand of flame (95)
 v - a wand of random effects (88)
 F - a wand of acid (9)
 H - a wand of polymorph (14)
 L - a wand of paralysis (45)
 P - a wand of enslavement (12)
 S - a wand of digging (9)
 X - a wand of disintegration (20)
Scrolls
 a - 20 scrolls of teleportation
 b - 3 scrolls of summoning
 k - 6 scrolls of magic mapping
 o - 3 scrolls of holy word
 r - a scroll of blinking
 t - 5 scrolls of fear
 D - 2 scrolls of immolation
 N - 8 scrolls of identify
 O - a scroll of silence
 Q - 5 scrolls of fog
Potions
 f - 3 potions of cancellation
 h - 6 potions of mutation
 i - 10 potions of might
 m - 4 potions of resistance
 n - 17 potions of curing
 z - 7 potions of haste
 A - 3 potions of ambrosia
 B - 8 potions of lignification
Miscellaneous
 d - a condenser vane
 e - a tin of tremorstones (2/2)
 u - a phial of floods
 w - a lightning rod (4/4)
 E - a phantom mirror
 I - a box of beasts


   Skills:
 + Level 21.8 Fighting
 + Level 21.7 Axes
 + Level 21.6 Armour
 + Level 20.3 Dodging
 + Level 21.1 Shields
 + Level 17.3 Evocations


You had 24 spell levels left.
You didn't know any spells.
Your spell library was empty.

Dungeon Overview and Level Annotations

Branches:
Dungeon (15/15)            Temple (0/1) D:6            Lair (6/6) D:10
  Swamp (4/4) Lair:3        Snake (4/4) Lair:3        Slime (0/5) Lair:6
    Orc (2/2) D:11            Elf (3/3) Orc:2        Vaults (5/5) D:13
  Crypt (0/3) Vaults:2     Depths (5/5) D:15            Zot (0/5) Depths:5
Ossuary (visited)           IceCv (visited)         Volcano (visited)

Altars:
Elyvilon
Nemelex Xobeh
Okawaru
Uskayaw
Wu Jian
Xom
Yredelemnul
Beogh
Jiyva

Shops:
D:10 [   D:11 !   D:15 *   Orc:2 }=?=   Elf:2 }   Elf:3 (   Snake:2 *
Vaults:2 [   Depths:1 *}}=   Depths:3 !

Portals:
Hell: Depths:1 Depths:2 Depths:3 Depths:4 Depths:5
Abyss: Depths:2 Depths:4
Pandemonium: Depths:2 Depths:3
Trove: Elf:3 (give 6 scrolls of fog)

Annotations:
D:4 1 runed translucent door, ISoar's ghost, amateur TeAE
Vaults:5 Boris; Margery


Innate Abilities, Weirdness & Mutations

You reflexively headbutt those who attack you in melee.
You have a pair of horns on your head.
Your body sometimes deteriorates upon taking damage.
You are frail. (-10% HP)
You are weak. (Str -2)


Message History

The red very ugly thing dies!
Trog accepts your kill.
The stone giant changes into an alligator snapping turtle!
Your troll closely misses the red very ugly thing.
Your troll claws the red very ugly thing but does no damage.
Your troll closely misses the red very ugly thing.
The stone giant throws a large rock.
The large rock barely misses you.
You see here a large rock.
Your troll bites the red very ugly thing!!
Your troll claws the red very ugly thing! x2
The shadow dragon breathes negative energy at you.
The bolt of negative energy hits you!
You feel drained.
* * * LOW HITPOINT WARNING * * *
As you read the scroll of teleportation, it crumbles to dust.
You feel strangely unstable.
Your troll completely misses the red very ugly thing.
Your troll barely misses the red very ugly thing.
Your troll claws the red very ugly thing!
The stone giant throws a large rock.
The large rock hits you!
You die...

###############
.....D.........
..uu..Du†......
#####[T......
#...(u....... .
#.C..u#....#.
......#.@#....#
.#....#.(# ...#
#..#.C..# ...#
..C.#p...# ..#
.p#..D...# ..#
..#....#.#
^...#.#.#
.t#.#...# #.#
....#


You could see an alligator snapping turtle shaped shifter, a shadow dragon
(catching breath), 2 very ugly things, an ice dragon, 2 stone giants, a vault
warden, a red ugly thing and a friendly troll (summoned, berserk).

Vanquished Creatures
  A juggernaut (Depths:2)
  Sojobo (Depths:4)
  A caustic shrike (Depths:3)
  Xtahua (Vaults:5)
  2 golden dragons (Depths:4)
  Nikola (Swamp:4)
  2 iron giants (Zig:5)
  5 tentacled monstrosities
  A lich (Vaults:5)
  2 deep elf master archers (Elf:3)
  4 deep elf blademasters
  A quicksilver dragon (Depths:4)
  3 titans
  Gastronok (D:8)
  3 acid blobs
  3 azure jellies
  3 shadow dragons
  4 storm dragons
  4 sphinxes
  Roxanne (Swamp:3)
  7 nagarajas
  Donald (Swamp:2)
  7 tengu reavers
  15 fire giants
  7 frost giants
  An orc warlord (Vaults:3)
  9 vault wardens
  2 iron dragons
  4 deep elf sorcerers
  7 deep elf elementalists
  A draconian shifter (Depths:5)
  A draconian stormcaller (Depths:5)
  10 ironheart preservers
  A spriggan defender (Depths:3)
  32 stone giants
  The ghost of y3s the Severer, a journeyman HOMo of Beogh (D:13)
  23 very ugly things
  A caustic shrike skeleton (Depths:1)
  5 deep elf demonologists
  2 black draconians (Depths:5)
  A yellow draconian (Depths:5)
  6 deep elf annihilators
  2 red draconians (Depths:5)
  7 vampire knights
  5 bunyips
  6 spark wasps
  2 dire elephants (Lair:6)
  Azrael (Orc:2)
  A purple draconian (Depths:5)
  8 eleionomae
  4 deep elf death magi
  28 ettins
  A fire dragon (shapeshifter) (Vaults:4)
  4 death oozes (Depths:5)
  Josephine (Lair:5)
  7 deep elf high priests
  20 yaktaur captains
  12 fire dragons
  9 great orbs of eyes
  Harold (D:8)
  Erolcha (D:9)
  5 boulder beetles
  29 vault guards
  19 naga warriors
  17 ice dragons
  A hell beast (Depths:2)
  7 rakshasas
  11 centaur warriors
  23 hydras
  3 catoblepae
  10 anacondas
  4 ghost crabs
  10 alligators
  A death knight (Vaults:2)
  4 spriggan air magi
  57 two-headed ogres
  7 death yaks (Depths:2)
  31 dancing weapons
  An anaconda (shapeshifter) (Depths:4)
  20 ogre magi
  10 deep troll shamans
  Urug (Lair:6)
  10 deep troll earth magi
  4 tengu warriors
  A queen ant (Lair:2)
  8 shock serpents
  8 naga sharpshooters
  2 orc high priests
  3 spriggan berserkers
  2 vampire magi
  3 soul eaters (Depths:1)
  5 iron trolls
  A wretched star (Abyss:3)
  5 hell knights
  3 shadow wraiths
  18 deep elf knights
  Sonja (Lair:4)
  6 skeletal warriors
  7 unseen horrors
  4 goliath frogs
  3 flayed ghosts
  A storm dragon skeleton (Vaults:4)
  A salamander mystic (Snake:1)
  6 spriggan druids
  12 naga ritualists
  31 deep trolls
  A torturous demonspawn (Depths:2)
  8 glowing orange brains
  A goliath frog (shapeshifter) (Depths:4)
  An unseen horror (shapeshifter) (Depths:3)
  A gelid demonspawn (Depths:2)
  A sea snake (Snake:4)
  16 deep elf archers
  13 swamp dragons
  2 wizards
  11 ironbrand convokers
  An obsidian statue (Vaults:3)
  A bog body (Swamp:1)
  4 lindwurms
  An orange crystal statue (Depths:1)
  9 orc knights
  4 phantasmal warriors
  8 mana vipers
  62 deep elf magi
  7 necromancers
  3 tengu skeletons
  6 orc sorcerers
  A fire giant zombie (Vaults:2)
  8 will-o-the-wisps
  3 wolf spiders
  33 ugly things
  2 frost giant zombies
  A cyclops (shapeshifter) (Elf:2)
  6 cyclopes
  A stone giant zombie (Depths:1)
  8 elephants (Lair:6)
  2 ice statues (IceCv)
  3 guardian serpents
  Maurice (Orc:2)
  10 salamanders
  28 naga magi
  A smoke demon (Depths:1)
  2 black mambas (shapeshifter)
  33 black mambas
  An elephant (shapeshifter) (Depths:3)
  13 vault sentinels
  A stone giant skeleton (Vaults:3)
  A guardian serpent (shapeshifter) (Depths:3)
  4 gargoyles
  A water nymph (shapeshifter) (Elf:1)
  Psyche (D:8)
  An eye of devastation (Depths:5)
  13 cane toads
  3 human zombies
  5 hellwings (Depths:1)
  7 rime drakes
  A kobold demonologist (D:8)
  An ice devil (Depths:2)
  12 komodo dragons
  2 efreet
  2 freezing wraiths
  57 yaktaurs
  2 polar bears
  3 meliai (Abyss:3)
  15 trolls
  5 red devils
  A human skeleton (Vaults:3)
  A queen bee (Abyss:3)
  A jumping spider (shapeshifter) (Elf:1)
  A wind drake (shapeshifter) (Vaults:5)
  11 tyrant leeches
  6 tengu conjurers
  A hornet (shapeshifter) (Vaults:1)
  6 hornets
  37 slime creatures
  2 blink frogs (Lair:4)
  A fire dragon zombie (Depths:1)
  A meliai zombie (D:12)
  A stone giant simulacrum (Depths:1)
  2 human simulacra (Vaults:3)
  2 ettin skeletons
  2 air elementals (Elf:3)
  Sigmund (D:2)
  A frost giant simulacrum (Vaults:4)
  A snapping turtle (shapeshifter) (Vaults:5)
  A shadow (D:13)
  5 wyverns
  A vampire (D:15)
  A redback (shapeshifter) (Depths:4)
  4 spriggans
  A tarantella (shapeshifter) (D:15)
  7 wraiths
  5 water elementals
  A basilisk (Lair:3)
  10 fire elementals
  A yaktaur simulacrum (Vaults:3)
  88 yaks
  2 chaos spawn
  3 wargs
  10 vampire mosquitoes
  11 swamp worms
  A swamp worm (shapeshifter) (Elf:2)
  7 soldier ants (Lair:2)
  5 acid dragons
  50 nagas
  21 water moccasins
  A floating eye (Depths:5)
  26 orc warriors
  3 hell hounds
  5 sky beasts
  25 ice beasts
  7 swamp drakes
  2 eyes of draining (Depths:5)
  A necrophage (D:12)
  53 ogres
  11 wolves
  2 phantoms (D:9)
  30 centaurs
  A boggart (shapeshifter) (Depths:2)
  5 boggarts
  An orc skeleton (Vaults:2)
  8 big kobolds
  13 bullfrogs
  An elf zombie (Ossuary)
  2 earth elementals
  A wyvern zombie (D:13)
  A water moccasin zombie (D:7)
  5 scorpions
  15 killer bees
  6 wights
  8 electric eels
  4 crimson imps
  3 howler monkeys
  A bullfrog zombie (D:9)
  5 quasits
  4 centaur zombies
  2 centaur skeletons
  21 orc priests
  7 hounds
  9 jellies
  15 orc wizards
  Jessica (D:2)
  6 iguanas
  Ijyb (D:3)
  14 hell rats
  26 worker ants
  A killer bee zombie (D:7)
  3 ogre zombies (Ossuary)
  A hound skeleton (D:7)
  3 hound zombies
  7 mummies (Ossuary)
  A howler monkey zombie (D:5)
  2 worker ant zombies
  A howler monkey skeleton (D:6)
  8 adders
  3 shadow imps
  5 white imps
  6 ufetubi
  4 oozes (Lair:6)
  5 adder zombies
  An adder skeleton (D:5)
  6 worms
  2 dart slugs
  4 leopard geckos
  83 orcs
  2 ball pythons
  12 bats
  6 giant cockroaches
  A gnoll zombie (Ossuary)
  19 goblins
  9 hobgoblins
  6 jackals
  A quokka (D:11)
  7 frilled lizards
  5 goblin zombies (Ossuary)
  4 hobgoblin zombies (Ossuary)
  38 kobolds
  3 kobold zombies (Ossuary)
  3 leopard gecko skeletons
  3 quokka zombies (Ossuary)
  12 rats
  5 rat zombies (Ossuary)
  2 bushes (D:15)
  A crawling corpse (Elf:3)
2130 creatures vanquished.

Vanquished Creatures (collateral kills)
  Mara (Elf:3)
  An ancient lich (Vaults:5)
  Bai Suzhen (Swamp:3)
  An iron giant (Zig:5)
  A tentacled monstrosity (Vaults:5)
  A titan (Vaults:5)
  A sphinx (Vaults:5)
  A tengu reaver (Depths:4)
  A storm dragon (Vaults:5)
  A frost giant (Vaults:5)
  3 vault wardens
  A deep elf elementalist (Elf:3)
  3 very ugly things
  A war gargoyle (Zig:5)
  A stone giant (Depths:2)
  A deep elf annihilator (Elf:3)
  2 dire elephants (Lair:6)
  A deep elf death mage (Elf:3)
  A deep elf high priest (Elf:3)
  3 vault guards
  A deep elf knight (Elf:2)
  2 wretched stars (Abyss:3)
  An iron troll (D:13)
  A sea snake (Snake:4)
  An orc knight (Vaults:4)
  A salamander (Snake:4)
  An ugly thing (Vaults:5)
  A guardian serpent (Snake:4)
  3 naga magi (Snake:4)
  A black mamba (Snake:4)
  A gargoyle (D:13)
  A storm dragon simulacrum (Vaults:2)
  A yaktaur (Vaults:2)
  2 meliai (Abyss:3)
  A large abomination (Abyss:3)
  A shadow (D:10)
  A chaos spawn (Abyss:3)
  6 nagas (Snake:4)
  A big kobold (D:10)
  A bullfrog (D:10)
  2 hounds
  4 kobolds (D:10)
  2 crawling corpses (Elf:3)
64 creatures vanquished.

Vanquished Creatures (others)
  A spriggan defender (Depths:4)
  2 eleionomae (Swamp:4)
  A spriggan (Swamp:1)
  A deep elf mage (Elf:1)
  2 bloated husks
  A hornet (Swamp:1)
  A warg (Vaults:4)
  2 bushes (D:15)
  47 foxfires
  33 fungi
  102 plants
193 creatures vanquished.

Grand Total: 2387 creatures vanquished

Notes
Turn   | Place    | Note
-------+----------+-------------------------------------------
     0 | D:1      | dtburroughs the Minotaur Berserker began the quest for the
                  | Orb.
     0 | D:1      | Reached XP level 1. HP: 19/19 MP: 0/0
   216 | D:1      | Reached XP level 2. HP: 14/27 MP: 1/1
  1083 | D:2      | Reached ** piety under Trog
  1094 | D:2      | Reached XP level 3. HP: 25/33 MP: 2/2
  1319 | D:2      | Noticed Sigmund
  1335 | D:2      | Killed Sigmund
  1336 | D:2      | Reached XP level 4. HP: 34/41 MP: 3/3
  1336 | D:2      | Reached XP level 5. HP: 39/47 MP: 4/4
  1445 | D:2      | Noticed Jessica
  1455 | D:2      | Killed Jessica
  1456 | D:2      | Reached skill level 5 in Fighting
  1456 | D:2      | Reached skill level 5 in Axes
  1814 | D:2      | You fall into a shaft and drop 1 floor!
  1837 | D:3      | Reached XP level 6. HP: 54/56 MP: 5/5
  2474 | D:3      | Reached *** piety under Trog
  2722 | D:3      | Found an iron altar of Okawaru.
  3020 | D:3      | Noticed Ijyb
  3046 | D:3      | Killed Ijyb
  3406 | D:3      | Found a sparkling altar of Nemelex Xobeh.
  3574 | D:4      | Found a runed translucent door.
  3579 | D:4      | Noticed ISoar's ghost (amateur TeAE)
  3979 | D:4      | Reached skill level 1 in Evocations
  3979 | D:4      | Reached XP level 7. HP: 44/62 MP: 6/6
  4117 | D:4      | Reached skill level 5 in Armour
  4438 | D:4      | Found a white marble altar of Elyvilon.
  4441 | D:4      | Found a basalt altar of Yredelemnul.
  4446 | D:4      | Found an ornate altar of the Wu Jian Council.
  4534 | D:5      | Entered Level 5 of the Dungeon
  4832 | D:5      | Reached **** piety under Trog
  4833 | D:5      | Reached skill level 1 in Shields
  4998 | D:5      | Reached skill level 5 in Dodging
  5006 | D:5      | Reached XP level 8. HP: 65/71 MP: 7/7
  5064 | D:5      | Found a sand-covered staircase.
  5069 | Ossuary  | Entered an ossuary
  6988 | D:6      | Identified a scroll of acquirement
  6996 | D:6      | Acquired 873 gold pieces
  7061 | D:6      | Found a staircase to the Ecumenical Temple.
  7221 | D:6      | Reached XP level 9. HP: 70/79 MP: 8/8
  7221 | D:6      | Reached ***** piety under Trog
  7592 | D:6      | Found a shimmering altar of Xom.
  8652 | D:7      | Received a gift from Trog
  9442 | D:8      | Noticed Psyche
  9456 | D:8      | Killed Psyche
  9457 | D:8      | Reached skill level 5 in Shields
  9518 | D:8      | Noticed Harold
  9533 | D:8      | Killed Harold
  9534 | D:8      | Reached XP level 10. HP: 18/90 MP: 9/9
 10061 | D:8      | Noticed a two-headed ogre
 10076 | D:8      | Killed a two-headed ogre
 10077 | D:8      | Reached skill level 5 in Evocations
 10423 | D:8      | Noticed Gastronok
 10454 | D:8      | Killed Gastronok
 10994 | D:8      | Noticed an orange demon
 11483 | D:9      | Noticed Erolcha
 11493 | D:9      | Killed Erolcha
 11494 | D:9      | Reached XP level 11. HP: 64/97 MP: 10/10
 12464 | D:9      | Reached skill level 10 in Fighting
 12781 | D:10     | Entered Level 10 of the Dungeon
 12809 | D:10     | Found a staircase to the Lair.
 13027 | D:10     | Reached skill level 10 in Axes
 13102 | D:10     | Found Yteuc's Armour Shop.
 14711 | D:11     | Found Hionoun's Distillery.
 14726 | D:11     | Bought a potion of curing for 42 gold pieces
 14726 | D:11     | Bought a potion of curing for 42 gold pieces
 14726 | D:11     | Bought a potion of curing for 42 gold pieces
 14726 | D:11     | Bought a potion of lignification for 42 gold pieces
 14726 | D:11     | Bought a potion of heal wounds for 70 gold pieces
 14726 | D:11     | Bought a potion of curing for 42 gold pieces
 14726 | D:11     | Bought a potion of heal wounds for 70 gold pieces
 14726 | D:11     | Bought a potion of haste for 140 gold pieces
 14766 | D:11     | Found a staircase to the Orcish Mines.
 14874 | D:11     | Reached skill level 10 in Armour
 15508 | D:11     | Reached XP level 12. HP: 46/108 MP: 11/11
 15934 | D:12     | Received a gift from Trog
 17403 | D:12     | Noticed a four-headed hydra
 17420 | D:12     | Killed a four-headed hydra
 17469 | D:12     | Reached skill level 10 in Dodging
 18251 | Lair:1   | Entered Level 1 of the Lair of Beasts
 19593 | Lair:2   | Noticed a seven-headed hydra
 19597 | Lair:2   | Reached skill level 10 in Shields
 19623 | Lair:1   | Killed a seven-headed hydra
 19628 | Lair:1   | Received a gift from Trog
 20041 | Lair:2   | Found a dark tunnel.
 20051 | Volcano  | Entered a volcano
 20199 | Volcano  | Reached XP level 13. HP: 85/117 MP: 4/12
 22707 | Lair:3   | Found a staircase to the Snake Pit.
 22709 | Lair:3   | Found a hide-covered altar of Uskayaw.
 22808 | Lair:3   | Found a staircase to the Swamp.
 23521 | Lair:4   | Noticed Sonja
 23534 | Lair:4   | Killed Sonja
 23765 | Lair:4   | Received a gift from Trog
 23776 | Lair:4   | Got a brightly glowing battleaxe {god gift}
 23782 | Lair:4   | Identified the +6 battleaxe "Nounlaowk" {flame, *Rage rPois
                  | rN++} (Trog gifted it to you on level 4 of the Lair of
                  | Beasts)
 24204 | Lair:4   | You fall into a shaft and drop 2 floors!
 24204 | Lair:6   | Entered Level 6 of the Lair of Beasts
 24495 | Lair:6   | Noticed Urug
 24512 | Lair:6   | Killed Urug
 24535 | Lair:6   | Reached XP level 14. HP: 127/127 MP: 13/13
 24679 | Lair:6   | Found a runed translucent door.
 25034 | Lair:6   | Found a viscous altar of Jiyva.
 25716 | Lair:5   | Noticed Josephine
 25727 | Lair:5   | Killed Josephine
 25741 | Lair:5   | Reached ****** piety under Trog
 25741 | Lair:5   | Received a gift from Trog
 27411 | Lair:6   | Found a staircase to the Slime Pits.
 28620 | D:13     | Found a runed translucent gate.
 28621 | D:13     | Found a runed translucent gate.
 28621 | D:13     | Noticed y3s's ghost (journeyman HOMo)
 28622 | D:13     | Found a runed translucent gate.
 28623 | D:13     | Identified the +5 triple sword of Vicvomn {vorpal, rElec
                  | rPois Str+4 Int+2}
 28625 | D:13     | Found a roughly hewn altar of Beogh.
 28767 | D:13     | Found a frozen archway.
 28782 | D:13     | Received a gift from Trog
 28798 | IceCv    | Entered an ice cave
 29306 | IceCv    | Got a transparent bone ring
 29310 | IceCv    | Got a wavering marble ring
 29318 | IceCv    | Identified the ring of Rerphokoo {Ice rElec Int+6 Dex+3}
                  | (You found it in an ice cave)
 29320 | IceCv    | Identified the ring "Opowareh" {+Fly rF+ Stlth+} (You found
                  | it in an ice cave)
 29557 | D:13     | Reached skill level 10 in Evocations
 29855 | D:13     | Found a gate to the Vaults.
 30156 | D:13     | Killed y3s's ghost
 30157 | D:13     | Reached XP level 15. HP: 132/136 MP: 14/14
 30198 | D:13     | Got a fading hat
 30216 | D:13     | Identified the +1 hat of the Moon {rElec rC- Int+2} (You
                  | found it on level 13 of the Dungeon)
 30499 | D:13     | HP: 4/137 [very large slime creature (43)]
 30881 | D:14     | Received a gift from Trog
 31919 | D:15     | Entered Level 15 of the Dungeon
 32193 | D:15     | Found Paucwut's Changing Room.
 33010 | D:15     | HP: 6/138 [large slime creature (28)]
 33437 | D:15     | Found a staircase to the Depths.
 33968 | Orc:1    | Entered Level 1 of the Orcish Mines
 34732 | Orc:2    | Entered Level 2 of the Orcish Mines
 34794 | Orc:2    | Received a gift from Trog
 35487 | Orc:2    | Got a warped hand axe {god gift}
 35488 | Orc:2    | Identified the +5 hand axe of Strategic Superiority {flame,
                  | rPois Str+4} (Trog gifted it to you on level 2 of the
                  | Orcish Mines)
 35842 | Orc:2    | Found Garph's Jewellery Shop.
 35850 | Orc:2    | Found Unott's Jewellery Emporium.
 35855 | Orc:2    | Found Erelurima's Gadget Boutique.
 35856 | Orc:2    | Found Ebeihy Hete's Magic Scroll Shop.
 35866 | Orc:2    | Noticed Maurice
 35881 | Orc:2    | Bought a scroll of enchant weapon for 135 gold pieces
 35881 | Orc:2    | Bought a scroll of fear for 63 gold pieces
 35881 | Orc:2    | Bought a scroll of blinking for 135 gold pieces
 35881 | Orc:2    | Bought a scroll of enchant armour for 135 gold pieces
 35881 | Orc:2    | Bought a scroll of enchant armour for 135 gold pieces
 35881 | Orc:2    | Bought a scroll of enchant weapon for 135 gold pieces
 35900 | Orc:2    | Killed Maurice
 35966 | Orc:2    | Found a staircase to the Elven Halls.
 35973 | Orc:2    | Noticed Azrael
 35996 | Orc:2    | Killed Azrael
 36406 | Orc:1    | Reached XP level 16. HP: 137/147 MP: 5/15
 36950 | Snake:1  | Entered Level 1 of the Snake Pit
 37495 | Snake:1  | Received a gift from Trog
 39329 | Snake:2  | Reached skill level 15 in Fighting
 39405 | Snake:2  | Reached skill level 15 in Axes
 39646 | Snake:2  | Found Tuqanun's Assorted Antiques.
 39675 | Snake:2  | Bought a scroll of fog for 46 gold pieces
 39675 | Snake:2  | Bought a potion of curing for 69 gold pieces
 40322 | Snake:3  | Found the +10 morningstar "Eos" {elec, Halo rElec}
 40646 | Snake:3  | Received a gift from Trog
 41689 | Snake:4  | Entered Level 4 of the Snake Pit
 41717 | Snake:3  | Reached skill level 15 in Armour
 42859 | Snake:3  | Received a gift from Trog
 42969 | Snake:3  | Reached XP level 17. HP: 144/156 MP: 16/16
 43927 | Snake:4  | Identified the cursed ring "Wocoz" {rElec rF- Dex+3 Slay-4}
 44408 | Snake:4  | Received a gift from Trog
 45922 | Snake:4  | Got a serpentine rune of Zot
 46403 | Orc:2    | Bought an uncursed ring of willpower for 400 gold pieces
 46561 | Swamp:1  | Entered Level 1 of the Swamp
 46580 | Swamp:1  | HP: 3/158 [acid (8)]
 47235 | Swamp:1  | Reached skill level 15 in Shields
 48848 | Swamp:2  | Got a citrine-encrusted ring mail
 49546 | Swamp:3  | Reached XP level 18. HP: 117/166 MP: 17/17
 49977 | Swamp:3  | Noticed Donald
 49984 | Swamp:3  | Reached skill level 15 in Dodging
 50004 | Swamp:2  | Killed Donald
 50474 | Swamp:3  | Noticed Roxanne
 50758 | Swamp:3  | Received a gift from Trog
 51130 | Swamp:3  | Killed Roxanne
 51309 | Swamp:4  | Entered Level 4 of the Swamp
 51312 | Swamp:4  | Noticed Bai Suzhen
 51484 | Swamp:3  | Killed Bai Suzhen
 51490 | Swamp:3  | Identified the +3 ring mail of the Bouncing Gods {Harm +Fly
                  | rF-} (You found it on level 2 of the Swamp)
 52738 | Swamp:4  | Got a decaying rune of Zot
 52909 | Swamp:4  | Noticed Nikola
 52926 | Swamp:4  | Killed Nikola
 53417 | Vaults:1 | Entered Level 1 of the Vaults
 54453 | Vaults:1 | Received a gift from Trog
 55107 | Vaults:1 | Reached XP level 19. HP: 177/177 MP: 6/18
 55818 | Vaults:1 | Received a gift from Trog
 57157 | Vaults:2 | Received a gift from Trog
 57180 | Vaults:2 | Got an ichor-stained battleaxe {god gift}
 57215 | Vaults:2 | Identified the +4 battleaxe "Qiniph" {vorpal, Dex+3} (Trog
                  | gifted it to you on level 2 of the Vaults)
 57254 | Vaults:2 | Found a staircase to the Crypt.
 57382 | Vaults:2 | Found Hucint's Antique Armour Shoppe.
 58911 | Vaults:3 | Received a gift from Trog
 60017 | Vaults:3 | Reached XP level 20. HP: 99/187 MP: 0/19
 60512 | Vaults:4 | Received a gift from Trog
 61381 | Vaults:4 | Got a fine war axe {god gift}
 61487 | Vaults:4 | Identified the +0 war axe of the Skies Above {flame, +Fly
                  | rPois} (Trog gifted it to you on level 4 of the Vaults)
 62366 | Vaults:4 | Received a gift from Trog
 63212 | Vaults:4 | Received a gift from Trog
 63961 | Elf:1    | Entered Level 1 of the Elven Halls
 64320 | Elf:1    | Cast into level 3 of the Abyss (+3 glaive of distortion)
 64399 | Abyss:3  | Got an abyssal rune of Zot
 64458 | Elf:1    | Escaped the Abyss
 64465 | Elf:1    | Reached XP level 21. HP: 79/156 MP: 5/15
 64789 | Elf:1    | Received a gift from Trog
 65972 | Elf:2    | Found Muhaxzoa's Gadget Boutique.
 66129 | Elf:2    | Received a gift from Trog
 66534 | Elf:2    | Found a huge runed translucent gate.
 66535 | Elf:2    | Found a huge runed translucent gate.
 66536 | Elf:2    | Found a huge runed translucent gate.
 66544 | Elf:2    | Found a huge runed translucent gate.
 66544 | Elf:2    | Found a huge runed translucent gate.
 67358 | Elf:2    | Received a gift from Trog
 67728 | Elf:3    | Entered Level 3 of the Elven Halls
 68460 | Elf:3    | Found Jolon's Antique Weapon Shop.
 68610 | Elf:3    | Identified the cursed +1 leather armour "Rogganol" {Dex+4}
 68796 | Elf:3    | Received a gift from Trog
 69168 | Elf:3    | Reached skill level 15 in Evocations
 70201 | Elf:3    | Noticed Mara
 70220 | Elf:3    | Noticed dtburroughs's illusion
 70220 | Elf:3    | Killed Mara
 70370 | Elf:3    | Found a portal to a secret trove of treasure.
 70443 | Elf:3    | Reached XP level 22. HP: 158/206 MP: 7/21
 70493 | Elf:3    | Identified the +10 scythe "Duffopho" {protect, +Inv Str+6}
 70493 | Elf:3    | Identified the ring of the Meadowlark {rPois Slay+2 SInv}
 70752 | Elf:3    | Received a gift from Trog
 70816 | Elf:3    | Identified the Papyrus of the Sneaky Yaks
 71711 | Depths:1 | Entered Level 1 of the Depths
 71725 | Depths:1 | Found Babuan's Jewellery Boutique.
 71725 | Depths:1 | Found Cutooghu's Gadget Emporium.
 71726 | Depths:1 | Found Kupett's Gadget Emporium.
 72589 | Depths:1 | Found Gugoobbo's Serpentskin Sales.
 73472 | Depths:1 | Found a gateway to Hell.
 74456 | Depths:2 | Received a gift from Trog
 75047 | Depths:2 | Identified the +5 chain mail of Morality {MP-9 Str+2 Dex+4
                  | Slay+2}
 75093 | Depths:2 | Got a pair of warped boots
 75118 | Depths:2 | Identified the +0 pair of boots "Teopefifeakh" {Int+5} (You
                  | found it on level 2 of the Depths)
 75270 | Depths:2 | Found a one-way gate to the infinite horrors of the Abyss.
 75709 | Depths:2 | Found a one-way gate leading to the halls of Pandemonium.
 76054 | Depths:2 | Identified the +9 long sword "Ytune" {venom, +Rage rC++
                  | Str+3}
 76054 | Depths:2 | Identified the +9 shortbow "Joyjurr" {freeze, rF- rC+ rN+
                  | Str+4}
 76274 | Depths:2 | Reached XP level 23. HP: 160/215 MP: 7/22
 76592 | Depths:2 | Noticed a juggernaut
 76615 | Depths:2 | Killed a juggernaut
 77470 | Depths:3 | Received a gift from Trog
 78604 | Depths:3 | Found Fyrrid's Distillery.
 78610 | Depths:3 | Bought a potion of haste for 240 gold pieces
 78610 | Depths:3 | Bought a potion of might for 96 gold pieces
 80514 | Depths:4 | Noticed Sojobo
 80528 | Depths:4 | Killed Sojobo
 80638 | Depths:4 | Noticed a caustic shrike
 80694 | Depths:3 | Killed a caustic shrike
 81664 | Depths:4 | Reached XP level 24. HP: 178/226 MP: 7/22
 81781 | Depths:4 | Received a gift from Trog
 84168 | Depths:5 | Entered Level 5 of the Depths
 84194 | Depths:5 | Received a gift from Trog
 84721 | Depths:5 | Found a gate to the Realm of Zot.
 84828 | Depths:5 | Found a gateway to a ziggurat.
 84830 | Depths:5 | Paralysed by a floating eye for 2 turns
 84848 | Depths:5 | Paralysed by a floating eye for 3 turns
 85564 | Depths:5 | Found a viscous altar of Jiyva.
 85744 | Depths:5 | Acquired 839 gold pieces
 86127 | Zig:1    | Entered Level 1 of a ziggurat
 86193 | Zig:2    | Entered Level 2 of a ziggurat
 86270 | Zig:3    | Entered Level 3 of a ziggurat
 86311 | Zig:3    | Identified the Collected Works on the Virous Snowflakes
 86337 | Zig:4    | Entered Level 4 of a ziggurat
 86418 | Zig:4    | Identified the +6 morningstar of Ihoiduaf {antimagic,
                  | Stlth+} (You found it on level 4 of a ziggurat)
 86543 | Zig:5    | Entered Level 5 of a ziggurat
 87187 | Lair:1   | Acquired the +2 shield of Resistance {rF++ rC++ Will++}
 87188 | Lair:1   | Found the +2 shield of Resistance {rF++ rC++ Will++}
 87383 | Vaults:2 | Bought a pair of runed gloves for 367 gold pieces
 87517 | Vaults:5 | Entered Level 5 of the Vaults
 87525 | Vaults:5 | Reached XP level 25. HP: 180/236 MP: 7/22
 87541 | Vaults:5 | Noticed Xtahua
 87556 | Vaults:5 | Killed Xtahua
 87563 | Vaults:5 | Gained mutation: Your body sometimes deteriorates upon
                  | taking damage. [a shining eye]
 87569 | Vaults:5 | Gained mutation: You are frail. (-10% HP) [a shining eye]
 87574 | Vaults:5 | Gained mutation: You are weak. (Str -2) [a shining eye]
 87812 | Vaults:5 | Noticed an ancient lich
 87817 | Vaults:5 | Killed an ancient lich
 87855 | Vaults:5 | Noticed Boris
 87863 | Vaults:5 | Noticed an ancient lich
 87865 | Vaults:5 | Noticed Margery
 87893 | Vaults:5 | HP: 9/199 [shadow dragon/bolt of negative energy (7)]
 87894 | Vaults:5 | Hit by a large rock thrown by a stone giant

Illustrated notes

Levels and vault maps discovered:
D:1:      dpeg_arrival_round_b, layout_basic, kennysheep_decorative_pillar
D:2:      minmay_evil_eye, layout_basic, uniq_jessica, uniq_sigmund
D:3:      kennysheep_goblin_castle, layout_basic, lemuel_crystal_altar,
          nemelex_xobeh_ov_fountains_minmay
D:4:      layout_loops_ring, grunt_temple_overflow_diamond, serial_forest,
          infiniplex_forest_lined_3, infiniplex_forest_lined_3_way,
          infiniplex_forest_straight_3, infiniplex_forest_corner_2,
          infiniplex_forest_straight_3, infiniplex_forest_clump_small,
          infiniplex_forest_clump_tiny, infiniplex_forest_end_3,
          ebering_ghost_reflecting_pool
D:5:      layout_loops_ring, nicolae_ossuary_entry_false_entrances
D:6:      layout_loops_ring, xom_butterflies,
          minmay_temple_entry_drinking_statues, chequers_serial_rivers_micro_c,
          minmay_misc_feat_pillars, kennysheep_generic_room_15
D:7:      layout_layer_cave, kennysheep_generic_room_11
D:8:      statuecave_lemuel, layout_basic, serial_bayou_pond_e, uniq_psyche,
          uniq_gastronok, uniq_harold
D:9:      layout_roguey, uniq_erolcha
D:10:     layout_small_grid, erik_lair_island, serial_shops,
          nicolae_shop_temple_entry_statues_fountains,
          kennysheep_generic_room_16
D:11:     layout_roguey, orc_0_dummy, serial_shops, nicolae_shop_waterfront
D:12:     layout_basic, st_stairs_12, kennysheep_small_circle
D:13:     layout_rooms, david_vaults_4, portal_ice_cave_entry_ice_beasts,
          biasface_ghost_orc_armoury
D:14:     layout_cave_pods
D:15:     hangedman_depths_entry_civil_slaughter, layout_gridville,
          minmay_hedge_maze, nicolae_transmutations_shop, serial_bayou_lagoon_b
Lair:1:   layout_roguey, hibernation_bobbens, grunt_megastairs_2
Lair:2:   layout_gridlike, lightli_volcano_entry_magma_tube, zaba_antful_of_joy,
          grunt_megastairs_4, lemuel_fruit_fields
Lair:3:   layout_chaotic_city, minmay_swamp_entry_swarm,
          guppyfry_snake_entry_garden, st_stairs_6, lemuel_altar_in_water2
Lair:4:   layout_misc_corridors, pond, lemuel_fruit_tree,
          infiniplex_staircase_pool_2, lemuel_fruit_fields, uniq_sonja
Lair:5:   layout_long_grid, serial_bayou_shore_b, serial_bayou_shore_a,
          grunt_megastairs_5, uniq_josephine
Lair:6:   due_jungle_book, layout_regular_city, slime_altar_2, uniq_urug
Swamp:1:  layout_basic_swamp, nicolae_swamp_dense_foliage, swamp_pool3,
          nicolae_swamp_triple_paths, nzn_swamp_dancing_lights
Swamp:2:  layout_basic_swamp, nicolae_swamp_round_clearing
Swamp:3:  layout_basic_swamp, evilmike_swamp_ruin_house_2, uniq_donald,
          uniq_roxanne
Swamp:4:  swamp_alternative, layout_basic_swamp, uniq_nikola, uniq_bai_suzhen
Snake:1:  layout_chambers
Snake:2:  kennysheep_six_static_rooms, layout_cave_town, drop_trap,
          grunt_megastairs_3, minmay_shop_star, serial_bayou_shore_b
Snake:3:  layout_basic
Snake:4:  snake_pit, layout_basic, serial_bayou_pond_b, guppyfry_library_mini
Orc:1:    layout_caves
Orc:2:    st_orc_open, layout_caves, uniq_maurice, uniq_azrael
Elf:1:    layout_geoelf_octagon, minmay_elf_demonology
Elf:2:    layout_geoelf_grid, serial_shops, shop
Elf:3:    minmay_elf_hall_not_hex, layout_gridlike, serial_shops,
          nicolae_shop_trees, enter_trove_2, uniq_mara
Vaults:1: grunt_vaults_hallway_long, v_alt_pattern_1, hangedman_vaults_capsules,
          grunt_vaults_focal, nicolae_vaults_network_quinsquares
          [nicolae_vaults_network_quincunx_subvault,
          nicolae_vaults_network_quincunx_subvault,
          nicolae_vaults_network_quincunx_subvault,
          nicolae_vaults_network_quincunx_subvault], dpeg_vaults_monster_box,
          vaults_dpeg_spiral, vaults_dpeg_ring, v_pattern_2, v_misc_26,
          grunt_vaults_hallway_short, layout_vaults_omnicross
Vaults:2: v_misc_8, hangedman_vaults_stagger, vaults_room_hallway,
          vaults_mumra_chevron_long, hangedman_vaults_impose,
          vaults_mumra_minichess_inversion, nicolae_vaults_alarming,
          nicolae_vaults_specimen_jars, ontoclasm_vaults_loading_screen,
          layout_vaults_omnigrid, serial_shops, shop
Vaults:3: vaults_room_pool, nicolae_vaults_angled_halls, vaults_mumra_chevron,
          vaults_room_boxed, vaults_dpeg_encased_lava,
          nicolae_vaults_little_squares_1, v_pattern_3,
          nicolae_vaults_windows_and_doors_thing, grunt_vaults_swirl,
          hangedman_vaults_nodes, v_misc_28, nicolae_vaults_statue_guard,
          nicolae_vaults_little_ls, v_misc_16, ontoclasm_vaults_decontamination,
          v_misc_13, layout_vaults_maze_bifur
Vaults:4: v_misc_28, st_quartered_hall, v_misc_30, vaults_standard_mumra_lines,
          nicolae_vaults_little_squares_5, v_alt_pattern_2, v_alt_pattern_6,
          vaults_mumra_hexcomb, hangedman_vaults_stretched_pinwheel,
          layout_vaults_big_room
Vaults:5: uniq_xtahua, uniq_margery, uniq_boris
Depths:1: layout_roguey, hellmouth_2, minivault_16, guppyfry_shop_venom,
          firewood_loft, minmay_shop_grove
Depths:2: giant_chief_lemuel, layout_cave_shapes, abyss_entry,
          hangedman_coc_ice_floe, minmay_misc_feat_encased,
          grunt_pan_entry_zigzag, minmay_staircase_statues
Depths:3: minmay_angry_zag, layout_gridville, serial_shops, shop, pan_entry,
          serial_sigils, serial_sigils_hangedman_quiver,
          serial_sigils_hangedman_gnaw, serial_sigils_hangedman_scar,
          serial_sigils_hangedman_leer, serial_sigils_hangedman_clutch,
          serial_sigils_hangedman_scratch, hell_entry,
          infiniplex_staircase_zigzag_4
Depths:4: minmay_the_grid_square_5x5_5x5 [minmay_the_grid_square_5x5_fat_x,
          minmay_the_grid_square_5x5_z, minmay_the_grid_square_5x5_mess,
          minmay_the_grid_square_5x5_tri_point,
          minmay_the_grid_square_5x5_broken_cross, minmay_the_grid_square_5x5_v,
          minmay_the_grid_square_5x5_prize_deathbox,
          minmay_the_grid_square_5x5_sharp_hourglass,
          minmay_the_grid_square_5x5_prize_junk,
          minmay_the_grid_square_5x5_inset, minmay_the_grid_square_5x5_inner_z,
          minmay_the_grid_square_5x5_eight_small,
          minmay_the_grid_square_5x5_prize_rear_guard,
          minmay_the_grid_square_5x5_trominoes,
          minmay_the_grid_square_5x5_three_small,
          minmay_the_grid_square_5x5_comb,
          minmay_the_grid_square_5x5_prize_waves,
          minmay_the_grid_square_5x5_shuriken,
          minmay_the_grid_square_5x5_prize_monsterx,
          minmay_the_grid_square_5x5_minibox,
          minmay_the_grid_square_5x5_hourglass,
          minmay_the_grid_square_5x5_n_small, minmay_the_grid_square_5x5_empty,
          minmay_the_grid_square_5x5_bite, minmay_the_grid_square_5x5_plus],
          layout_honeycomb, hangedman_abyss_or_decor_lesser_grid, hell_entry,
          abyss_entry, minmay_mirror_moons_of_madness, serial_bayou_shore_b,
          uniq_sojobo
Depths:5: grunt_zot_entry_alcove, layout_gridlike, enter_ziggurat_c, hex_tiny,
          hell_entry, special_room [special_room_jelly], serial_aquarium,
          aquarium_bridge_square [aquarium_subvault_bridge,
          aquarium_subvault_bridge, aquarium_subvault_window,
          aquarium_subvault_bridge], aquarium_window_fake, aquarium_window_1,
          aquarium_window_fake, aquarium_view_2c, aquarium_pool_1,
          minmay_three_doors

Skill      XL: |  1  2  3  4  5  6  7  8  9 10 11 12 13 14 15 16 17 18 19 20 21 22 23 24 25 |
---------------+----------------------------------------------------------------------------+-----
Axes           | 4 5 6 7 8 9 10 11 12 13 14 15 16 17 18 19 20 21 | 21.7
Fighting       | 4 5 6 7 8 9 10 11 12 13 14 15 16 17 18 19 20 21 | 21.8
Armour         | 3 4 5 6 7 9 10 11 12 13 14 15 16 17 18 19 20 21 | 21.6
Dodging        | 3 4 5 6 7 8 9 10 11 12 13 14 15 16 17 18 19 20 | 20.3
Evocations     | 1 2 3 4 6 7 8 9 10 11 12 13 14 15 16 17 | 17.3
Shields        | 1 3 5 7 8 10 11 12 13 14 15 16 17 18 19 20 21 | 21.1

Action                   |  1- 3 |  4- 6 |  7- 9 | 10-12 | 13-15 | 16-18 | 19-21 | 22-24 | 25-27 || total
-------------------------+-------+-------+-------+-------+-------+-------+-------+-------+-------++-------
Melee: Hand axe          |    58 |   134 |    34 |   589 |       |  1630 |       |       |       ||  2445
       Headbutt          |     7 |    23 |    91 |   227 |   329 |   685 |   505 |   588 |    49 ||  2504
       War axe           |       |    18 |   330 |       |       |       |   103 |       |       ||   451
       Unarmed           |       |       |       |     4 |       |       |       |       |       ||     4
       Broad axe         |       |       |       |   303 |   835 |   300 |  1460 |  1644 |   113 ||  4655
       Morningstar       |       |       |       |    25 |    27 |       |       |       |       ||    52
       Battleaxe         |       |       |       |       |   342 |       |       |       |       ||   342
Invok: Trog's Hand       |     1 |     1 |     3 |    11 |    12 |    20 |    23 |    31 |     3 ||   105
       Berserk           |     1 |       |       |     2 |       |       |       |       |       ||     3
       Brothers in Arms  |       |       |       |     1 |     2 |     4 |     9 |     5 |     4 ||    25
Evoke: Wand              |       |       |     3 |     2 |     3 |     8 |     7 |    13 |     3 ||    39
       Phantom mirror    |       |       |       |       |       |       |     1 |       |       ||     1
       Box of beasts     |       |       |       |       |       |       |       |       |     1 ||     1
  Use: Scroll            |       |       |    18 |     5 |    23 |    14 |     6 |    25 |     3 ||    94
       Potion            |       |       |       |     1 |     3 |     2 |     7 |     7 |     7 ||    27
 Stab: Paralysed         |       |       |       |       |     4 |       |     1 |     5 |     4 ||    14
       Confused          |       |       |       |       |       |     2 |       |       |       ||     2
       Distracted        |       |       |       |       |       |       |     1 |     1 |     1 ||     3
       Invisible         |       |       |       |       |       |       |       |     3 |       ||     3
Armor: Animal skin       |    26 |     9 |       |       |       |       |       |       |       ||    35
       Chain mail        |       |    56 |   129 |   102 |       |       |       |       |       ||   287
       Plate armour      |       |       |       |   284 |   895 |   711 |   492 |   551 |    39 ||  2972
Dodge: Dodged            |    47 |    95 |    94 |   343 |   791 |   875 |   713 |   745 |    39 ||  3742
Block: Kite shield       |       |       |   153 |   518 |   713 |  1325 |  1088 |  1282 |    68 ||  5147
       Buckler           |       |       |     2 |       |       |       |       |       |       ||     2
       Reflection        |       |       |       |       |       |    16 |   112 |    97 |       ||   225
